AoeStats
← Cyrusthegreat

Oasis

508133142Analyzed
2v2 RM · 13d ago on Sep 21, 2026· 69m 21s· 4 players
Game mode
Random Map
Map size
Medium (4 player)
Population
200
Speed
Normal
Resources
Standard
Victory
Conquest
Starting age
Dark Age
Ending age
Imperial Age
RankedLock teamsTeams togetherTeam positionsShared explorationLock speedFull tech treeHidden civsTurbo modeCheats
Victory
Defeat
🇦🇷 Khmer · Argentina
534
+20
🇦🇷 Hindustanis · Argentina
470
+38
🇺🇸 Huns · United States
644
-22
🇺🇸 Khmer · United States
580
-20
andrescepp
3:47 Loom
10:59 Feudal Age
12:08 Town Watch
12:24 Horse Collar
16:47 Wheelbarrow
16:49 Gold Mining
16:49 Stone Mining
21:44 Double-Bit Axe
25:41 Castle Age
23:28 Town Watch
26:07 Bloodlines
26:11 Scale Barding Armor
26:22 Forging
27:40 Hand Cart
26:57 Light Cavalry
27:40 Husbandry
27:04 Light Cavalry
29:20 Bow Saw
29:16 Heavy Plow
29:50 Pikeman
30:30 Squires
31:04 Grand Trunk Road
33:31 Caravan
34:27 Scale Mail Armor
34:57 Guard Tower
39:23 Imperial Age
37:52 Fortified Wall
38:33 Gold Shaft Mining
38:27 Arson
39:47 Heavy Camel Rider
41:33 Iron Casting
42:06 Town Patrol
43:33 Hoardings
43:19 Conscription
43:30 Hussar
45:34 Murder Holes
46:54 Two-Man Saw
46:13 Imperial Camel Rider
46:51 Elite Skirmisher
47:11 Man-at-Arms
48:11 Chain Mail Armor
48:59 Thumb Ring
49:19 Chain Barding Armor
49:02 Padded Archer Armor
48:53 Fletching
49:27 Long Swordsman
50:16 Crossbowman
52:30 Ballistics
53:11 Chemistry
52:16 Siege Engineers
52:22 Masonry
53:20 Plate Barding Armor
53:46 Blast Furnace
53:22 Elite Ghulam
54:01 Two-Handed Swordsman
56:43 Shatagni
56:07 Champion
57:12 Bodkin Arrow
57:33 Leather Archer Armor
58:28 Crossbowman
58:29 Heavy Cavalry Archer
60:48 Bracer
61:18 Ring Archer Armor
61:08 Fervor
61:31 Coinage
sacalacatiki
4:10 Loom
10:41 Feudal Age
11:27 Horse Collar
12:12 Double-Bit Axe
14:19 Gold Mining
14:20 Stone Mining
22:39 Castle Age
27:08 Bow Saw
32:16 Imperial Age
30:14 Tusk Swords
33:36 Gold Shaft Mining
33:41 Stone Shaft Mining
35:34 Double Crossbow
36:25 Conscription
39:36 Elite Ballista Elephant
63:44 Hoardings
69:43 Heavy Plow
69:18 Spies/Treason
Lizzie Borden
13:38 Feudal Age
12:55 Loom
15:04 Horse Collar
19:45 Castle Age
22:44 Town Watch
24:17 Double-Bit Axe
29:38 Bloodlines
29:29 Husbandry
28:50 Light Cavalry
30:30 Town Patrol
32:01 Bow Saw
38:45 Imperial Age
36:41 Heavy Plow
40:36 Scale Barding Armor
41:31 Forging
42:03 Chain Barding Armor
44:48 Double Crossbow
46:32 Caravan
46:20 Heavy Scorpion
54:13 Murder Holes
54:40 Ballistics
54:27 Siege Engineers
59:46 Elite Skirmisher
Cyrusthegreat
12:01 Feudal Age
12:26 Horse Collar
13:30 Wheelbarrow
12:49 Double-Bit Axe
23:18 Castle Age
22:53 Man-at-Arms
23:50 Forging
23:32 Fletching
24:09 Bow Saw
24:02 Heavy Plow
27:10 Hand Cart
29:08 Scale Barding Armor
31:08 Crossbowman
35:36 Imperial Age
33:22 Pikeman
33:23 Long Swordsman
35:59 Chain Barding Armor
37:23 Two-Man Saw
35:55 Long Swordsman
37:40 Gold Mining
38:26 Crossbowman
38:27 Elite Skirmisher
39:26 Squires
40:54 Conscription
41:39 Iron Casting
44:33 Halberdier
50:07 Elite Tarkan
Connection lost

Rejoining the realm…

Still unreachable

The connection could not be restored.

Session expired

The server has moved on; the page needs a fresh start.